 Dungeon Crawl Stone Soup version 0.31-a0-229-g1fc7ce93e2 (webtiles) character file.

Game seed: 352139941264346895

2 qw the Shooter (level 1, -2/16 HPs)
             Began as a Minotaur Hexslinger on July 6, 2023.
             Slain by a kobold
             ... wielding a +0 short sword
              (4 damage)
             ... on level 1 of the Dungeon.
             The game lasted 00:00:01 (40 turns).

qw the Shooter (Minotaur Hexslinger)                  Turns: 40, Time: 00:00:01

Health: -2/16      AC:  2    Str: 12    XL:     1   Next: 25%
Magic:  1/1        EV: 12    Int: 10    God:
Gold:   0          SH:  0    Dex: 12    Spells: 1/2 levels left

rFire   . . .        a - +1 sling
rCold   . . .        (no shield)
rNeg    . . .        c - +0 robe
rPois   .            (helmet restricted)
rElec   .            (no cloak)
rCorr   .            (no gloves)
SInv    .            (no boots)
Will    .....        (no amulet)
Stlth   +            (no ring)
HPRegen 0.22/turn    (no ring)
MPRegen 0.07/turn

%: no passive effects
@: no status effects
A: horns 2, retaliatory headbutt
a: no special abilities


You were on level 1 of the Dungeon.
You visited 1 branch of the dungeon, and saw 1 of its levels.


Innate Abilities, Weirdness & Mutations

You have a pair of horns on your head.
You reflexively headbutt those who attack you in melee.


   Skills:
 - Level 1.2 Fighting
 + Level 2.4 Ranged Weapons
 - Level 2.1 Dodging
 - Level 1.0 Spellcasting
 - Level 2.0 Hexes


You had one spell level left.
You knew the following spells:

 Your Spells              Type           Power      Damage    Failure   Level
a - Slow                  Hex            16%        N/A       16%         1

Your spell library contained the following spells:

 Spells                   Type           Power      Damage    Failure   Level
 Inner Flame              Hex/Fire       2%         N/A       56%         3
 Portal Projectile        Hex/Tloc       4%         N/A       56%         3
 Cause Fear               Hex            2%         N/A       83%         4

Inventory:

Hand Weapons
 a - a +1 sling (weapon)
Armour
 c - a +0 robe (worn)
Scrolls
 b - a scroll of poison

Dungeon Overview and Level Annotations

Branches:
Dungeon (1/15)

Altars:


Message History

You hear a shout! x3
A bat comes into view.
A kobold comes into view. It is wielding a +0 short sword.
You shoot a sling bullet. The sling bullet hits the endoplasm.
The endoplasm is severely wounded.
The bat barely misses you.
A goblin comes into view. It is wielding a +0 club.
A kobold comes into view. It is wielding a +0 dagger.
You shoot a sling bullet. The kobold shouts!
The sling bullet hits the endoplasm.
You kill the endoplasm!
The bat barely misses you. The bat closely misses you. The bat misses you.
You furiously retaliate!
You headbutt the bat. You shoot a sling bullet.
The sling bullet barely misses the bat.
The bat hits you but does no damage. The kobold hits you but does no damage.
The bat hits you. The kobold hits you with a +0 dagger.
You shoot a sling bullet. The sling bullet barely misses the bat.
The bat hits you. x2; The kobold hits you with a +0 dagger.
The goblin hits you with a +0 club.
You shoot a sling bullet.
The sling bullet completely misses the bat.
The bat closely misses you. You furiously retaliate!
You headbutt the bat.
You kill the bat!
The goblin barely misses you.
You shoot a sling bullet. The sling bullet misses the goblin.
The goblin hits you with a +0 club. The kobold hits you with a +0 dagger.
The kobold barely misses you. The kobold hits you but does no damage.
The goblin hits you but does no damage.
You shoot a sling bullet. The sling bullet hits the kobold.
The kobold is heavily wounded.
The goblin barely misses you. The kobold hits you with a +0 dagger.
The kobold barely misses you.
You shoot a sling bullet.
The sling bullet barely misses the kobold.
The goblin misses you. The kobold closely misses you. x2
You shoot a sling bullet.
The sling bullet barely misses the kobold.
The kobold hits you with a +0 short sword.
You die...

#####..# ##
##.# #.# # #.#
:.### #.###
...##...####
#...##....###
###.#####...#
#K@.......#
#...gK########
#####.. #...
#.... ######


You could see a goblin and 2 kobolds.

Vanquished Creatures
  An endoplasm (D:1)
  A bat (D:1)
2 creatures vanquished.

Notes
Turn   | Place    | Note
-------+----------+-------------------------------------------
     0 | D:1      | qw the Minotaur Hexslinger began the quest for the Orb.
     0 | D:1      | Reached XP level 1. HP: 16/16 MP: 1/1
     0 | D:1      | 0 ||| qw: Version: 0.3-a-46-gb1f654a
     0 | D:1      | 0 ||| qw: Game counter: 1663
     0 | D:1      | 0 ||| qw: Melee chars always use a shield: true
     0 | D:1      | 0 ||| qw: God list: Okawaru
     0 | D:1      | 0 ||| qw: Allow faded altars: false
     0 | D:1      | 0 ||| qw: Do Orc after clearing Dungeon:15 true
     0 | D:1      | 0 ||| qw: Do second Lair branch before Depths: true
     0 | D:1      | 0 ||| qw: Lair rune preference: random
     0 | D:1      | 0 ||| qw: Goals: Normal
     0 | D:1      | 0 ||| PLANNING D:1-11
    37 | D:1      | HP: 4/16 [goblin/+0 club (3)]
    40 | D:1      | Slain by a kobold

Levels and vault maps discovered:
D:1:      spicycebolla_green_bress_n_ham_2, layout_rooms, serial_shops,
          nicolae_shop_rolling_square, shop_statue,
          nicolae_shop_tiny_statue_garden

Action                     || total
---------------------------++-------
   Fire: Sling             ||    10
 Armour: Robe              ||     4
  Dodge: Dodged            ||    12

Table legend:
 A = Non-vault XP
 B = Vault XP
 C = Vault XP percentage of total XP
 D = Non-vault monster count
 E = Vault monster count
 F = Vault count percentage of total count
                 A         B        C        D         E       F
            +---------+---------+-------+---------+---------+-------
      Total |       3 |       0 |   0.0 |       2 |       0 |   0.0
            +---------+---------+-------+---------+---------+-------
        D:1 |       3 |       0 |   0.0 |       2 |       0 |   0.0
            +---------+---------+-------+---------+---------+-------
